 Dungeon Crawl Stone Soup version 0.30-a0-141-g30f27751c5 (webtiles) character file.

Game seed: 1447637273589951491

193 qw the Chopper (level 5, -2/32 HPs)
             Began as a Gargoyle Fighter on Sept 25, 2022.
             Slain by Pikel
             ... wielding a +2 whip of freezing
              (5 damage)
             ... on level 4 of the Dungeon.
             The game lasted 00:01:13 (3249 turns).

qw the Chopper (Gargoyle Fighter)                   Turns: 3249, Time: 00:01:14

Health: -2/32      AC: 12    Str: 21    XL:     5   Next: 72%
Magic:  0/5        EV:  9    Int: 13    God:
Gold:   191        SH:  4    Dex:  9    Spells: 4/4 levels left

rFire   . . .      SeeInvis .    Y - +1 war axe
rCold   + + .      Faith    .    c - +0 buckler
rNeg    + . .      Spirit   +    b - +0 scale mail
rPois   inf        Reflect  .    q - +0 helmet
rElec   +          Harm     .    (no cloak)
rCorr   .          Rampage  .    (no gloves)
Will    .....                    (no boots)
Stlth   ..........               n - amulet of guardian spirit
HPRegen 0.10/turn                g - ring of protection from cold
MPRegen 0.09/turn                s - ring "Wedaeh" {Fly rElec rC+ Int+4 Slay-5}

@: flying
A: sickness immunity, AC +4, negative energy resistance 1, electricity
resistance, torment resistance 1, petrification resistance
a: no special abilities


You were on level 4 of the Dungeon.
You visited 1 branch of the dungeon, and saw 4 of its levels.

You collected 191 gold pieces.


Innate Abilities, Weirdness & Mutations

You are immune to sickness and miasma.
Your stone body is resilient. (AC +4)
You are immune to poison.
You resist negative energy. (rN+)
You are resistant to electric shocks. (rElec)
You are resistant to unholy torment.
You are immune to petrification.


   Skills:
 + Level 3.3 Fighting
 - Level 5.2 Axes
 - Level 3.2 Armour
 - Level 3.2 Shields


You had 4 spell levels left.
You didn't know any spells.
Your spell library was empty.

Inventory:

Hand Weapons
 f - a +2 flail of holy wrath
 Y - a +1 war axe (weapon)
Missiles
 k - 3 boomerangs (quivered)
Armour
 b - a +0 scale mail (worn)
 c - a +0 buckler (worn)
 q - a +0 helmet (worn)
Jewellery
 g - a ring of protection from cold (left hand)
 n - an amulet of guardian spirit (around neck)
 s - the ring "Wedaeh" (right hand) {Fly rElec rC+ Int+4 Slay-5}
   (You found it on level 3 of the Dungeon)

   [ring of protection from cold]

   Int:       It affects your intelligence (+4).
   Slay:      It affects your accuracy & damage with ranged weapons and melee
   (-5).
   rC:        It protects you from cold.
   rElec:     It insulates you from electricity.
   Fly:       It grants you flight.
 t - a ring of wizardry
Scrolls
 a - a scroll of identify
 m - a scroll of brand weapon {unknown}
Potions
 d - a potion of might
 e - a potion of degeneration {unknown}
 h - a potion of mutation {unknown}
 i - a potion of lignification
 j - a potion of invisibility {unknown}
 l - a potion of cancellation {unknown}
 o - a potion of heal wounds {unknown}
 p - a potion of curing {unknown}
 u - a potion of berserk rage {unknown}
 v - a potion of magic {unknown}

Dungeon Overview and Level Annotations

Branches:
Dungeon (4/15)
 Temple: D:4-7

Altars:
Kikubaaqudgha

Annotations:
D:4 Pikel


Message History

You hit the giant cockroach.
You kill the giant cockroach!
You start resting.
Pikel is nearby!
Throw: 3 boomerangs
Press: ? - help, Q - select action Shift-Dir - straight line, f - Pikel You throw a boomerang.
The boomerang barely misses Pikel.
Pikel shouts!
Throw: 3 boomerangs
Press: ? - help, Q - select action Shift-Dir - straight line, f/p - Pikel You throw a boomerang.
The boomerang hits Pikel but does no damage.
Throw: 3 boomerangs
Press: ? - help, Q - select action Shift-Dir - straight line, f/p - Pikel You throw a boomerang.
The boomerang hits Pikel but does no damage.
Throw: 3 boomerangs
Press: ? - help, Q - select action Shift-Dir - straight line, f/p - Pikel You throw a boomerang.
The boomerang hits Pikel but does no damage.
You closely miss Pikel.
Pikel hits you with a +2 whip of freezing.
You barely miss Pikel.
Pikel hits you with a +2 whip of freezing.
Pikel says, "You'll feel the lick of my whip!"
Pikel barely misses you.
You miss Pikel. Pikel barely misses you.
You closely miss Pikel.
Pikel hits you with a +2 whip of freezing.
You completely miss Pikel.
Pikel hits you with a +2 whip of freezing!
Pikel freezes you.
You closely miss Pikel. Pikel hits you but does no damage.
Pikel hits you with a +2 whip of freezing!
Pikel freezes you.
You completely miss Pikel.
Pikel hits you with a +2 whip of freezing.
You die...

)~~~~~.....#####<...#
#.# #...#
.~~~~~.###.....###..#
#.###...## ...~~.##
#####..##..####.........
......#
##.......##.........
#######
##.#)...##.........
#.#..#..#.###...##
#.#.....#.# #...#
#.##.##.#.###...##
#@K...........(..[
####.##.###.......
......K..........
.......##########
.....g..B .......##
(...... ....... .......


You could see Pikel.

Vanquished Creatures
  2 lemures (D:4)
  A scorpion (D:4)
  7 adders
  A worm (D:2)
  2 dart slugs (D:2)
  An orc (D:4)
  5 endoplasms
  4 giant cockroaches
  4 hobgoblins
  7 kobolds
  A quokka (D:4)
  9 ball pythons
  6 bats
  A frilled lizard (D:2)
  9 goblins
  4 rats
64 creatures vanquished.

Notes
Turn   | Place    | Note
-------+----------+-------------------------------------------
     0 | D:1      | qw the Gargoyle Fighter began the quest for the Orb.
     0 | D:1      | Reached XP level 1. HP: 14/14 MP: 1/1
     0 | D:1      | 0 ||| qw: Version: 0.2-a-10-g399e6c4
     0 | D:1      | 0 ||| qw: Game counter: 334
     0 | D:1      | 0 ||| qw: Always use a shield: true
     0 | D:1      | 0 ||| qw: God list: Okawaru
     0 | D:1      | 0 ||| qw: Allow faded altars: false
     0 | D:1      | 0 ||| qw: Do Orc after D:15 true
     0 | D:1      | 0 ||| qw: Do second Lair branch before Depths: true
     0 | D:1      | 0 ||| qw: Lair rune preference: random
     0 | D:1      | 0 ||| qw: Plans: Normal, Zot:1-4, God:TSO, Crypt, Tomb,
                  | Pan, Slime:5, Hells, Abyss, Orb
     0 | D:1      | 0 ||| PLANNING D:1-11
     5 | D:1      | 5 ||| Stepping ~*~*~tactically~*~*~ (stealth).
    18 | D:1      | Reached skill level 2 in Axes
   294 | D:1      | Reached XP level 2. HP: 17/19 MP: 2/2
   481 | D:1      | 481 ||| Stepping ~*~*~tactically~*~*~ (stealth).
   482 | D:1      | 482 ||| Stepping ~*~*~tactically~*~*~ (stealth).
   484 | D:1      | 484 ||| Stepping ~*~*~tactically~*~*~ (stealth).
   487 | D:1      | 487 ||| Stepping ~*~*~tactically~*~*~ (stealth).
   488 | D:1      | 488 ||| Stepping ~*~*~tactically~*~*~ (stealth).
   683 | D:1      | Reached skill level 3 in Axes
   765 | D:1      | Reached XP level 3. HP: 23/23 MP: 3/3
  1030 | D:1      | 1030 ||| UPGRADING to amulet of guardian spirit.
  1035 | D:1      | 1035 ||| UPGRADING to ring of protection from cold.
  1036 | D:1      | 1036 ||| READING scroll labelled DYSSITRUSH.
  1037 | D:1      | 1037 ||| READING scroll labelled WIECLI GOITS.
  1038 | D:1      | 1038 ||| READING scroll labelled PAAMPUHEIR.
  1041 | D:1      | 1041 ||| READING scroll labelled AHOXKI FITAE.
  1185 | D:2      | Reached XP level 4. HP: 23/28 MP: 4/4
  1624 | D:2      | Reached skill level 4 in Axes
  1732 | D:2      | 1732 ||| Stepping ~*~*~tactically~*~*~ (stealth).
  1764 | D:2      | 1764 ||| UPGRADING to +0 helmet.
  1769 | D:2      | 1769 ||| READING scroll labelled MURHOFREAXT.
  1770 | D:2      | 1770 ||| READING scroll labelled FOCAFI URGHIU.
  1771 | D:2      | 1771 ||| DRINKING 2 sedimented sapphire potions.
  1938 | D:3      | 1938 ||| Stepping ~*~*~tactically~*~*~ (stealth).
  1940 | D:3      | 1940 ||| Stepping ~*~*~tactically~*~*~ (stealth).
  1941 | D:3      | 1941 ||| Stepping ~*~*~tactically~*~*~ (stealth).
  1955 | D:3      | 1955 ||| Stepping ~*~*~tactically~*~*~ (stealth).
  1969 | D:3      | 1969 ||| DROPPING +0 club.
  1974 | D:3      | 1974 ||| DROPPING +0 whip.
  2184 | D:3      | Reached XP level 5. HP: 29/32 MP: 5/5
  2250 | D:3      | 2250 ||| Stepping ~*~*~tactically~*~*~ (stealth).
  2316 | D:3      | Identified the ring "Wedaeh" {Fly rElec rC+ Int+4 Slay-5}
  2399 | D:3      | 2399 ||| UPGRADING to ring "Wedaeh" {Fly rElec rC+ Int+4
                  | Slay-5}.
  2400 | D:3      | 2400 ||| READING scroll labelled RUAJUOG SOLOE.
  2478 | D:4      | Found an ancient bone altar of Kikubaaqudgha.
  2625 | D:4      | 2625 ||| Stepping ~*~*~tactically~*~*~ (stealth).
  2628 | D:4      | Noticed Pikel
  2628 | D:4      | Noticed a lemure
  2628 | D:4      | Noticed a lemure
  2628 | D:4      | Noticed a lemure
  2630 | D:4      | Noticed a lemure
  2640 | D:4      | HP: 7/32 [lemure[Pikel] (4)]
  2641 | D:4      | 2641 ||| READING scroll of teleportation.
  2866 | D:4      | Reached skill level 5 in Axes
  3064 | D:4      | 3064 ||| Stepping ~*~*~tactically~*~*~ (stealth).
  3069 | D:4      | 3069 ||| Stepping ~*~*~tactically~*~*~ (stealth).
  3107 | D:4      | Killed a lemure
  3114 | D:4      | Killed a lemure
  3248 | D:4      | HP: 4/32 [Pikel/+2 whip of freezing (8)]
  3249 | D:4      | Slain by Pikel

Levels and vault maps discovered:
D:1:      dpeg_arrival_ternary, layout_basic, st_stairs_13,
          kennysheep_decorative_pillar
D:2:      layout_basic, minmay_heptomino_h4
D:3:      layout_rooms, corexii_corridor_pit
D:4:      layout_basic, kiku_gazebo_pond_becter, mainiacjoe_overflow_swirl,
          minmay_misc_feat_cross, uniq_pikel

Skill      XL: |  1  2  3  4  5 |
---------------+----------------+-----
Axes           | 2 3 4 5 |  5.2
Fighting       | |  3.3
Armour         | |  3.2
Shields        | |  3.2

Action                   |  1- 3 |  4- 6 || total
-------------------------+-------+-------++-------
Melee: War axe           |    60 |   181 ||   241
Throw: Boomerang         |     1 |    68 ||    69
  Use: Scroll            |     4 |     4 ||     8
       Potion            |       |     1 ||     1
Armor: Scale mail        |    28 |    92 ||   120
Dodge: Dodged            |    26 |    97 ||   123
Block: Buckler           |    13 |    33 ||    46

Table legend:
 A = Non-vault XP
 B = Vault XP
 C = Vault XP percentage of total XP
 D = Non-vault monster count
 E = Vault monster count
 F = Vault count percentage of total count
                 A         B        C        D         E       F
            +---------+---------+-------+---------+---------+-------
      Total |     255 |      22 |   7.9 |      58 |       4 |   6.5
            +---------+---------+-------+---------+---------+-------
        D:1 |      34 |       2 |   5.6 |      20 |       1 |   4.8
        D:2 |      73 |      20 |  21.5 |      14 |       3 |  17.6
        D:3 |      51 |       0 |   0.0 |      16 |       0 |   0.0
        D:4 |      97 |       0 |   0.0 |       8 |       0 |   0.0
            +---------+---------+-------+---------+---------+-------
